 Dungeon Crawl Stone Soup version 0.29.1-12-g30fa7ad0bf (webtiles) character file.

Game seed: 16043893709779615381

8810 EarthwalkerPL the Protected (level 11, -20/102 HPs)
             Began as a Minotaur Fighter on Jan 7, 2023.
             Was an Elder of Okawaru.
             Blown up by a great orb of eyes (47 damage)
             ... with a mindburst bolt
             ... on level 10 of the Dungeon.
             The game lasted 00:19:22 (10724 turns).

EarthwalkerPL the Protected (Minotaur Fighter)     Turns: 10724, Time: 00:19:23

Health: -20/102    AC: 17    Str: 25    XL:     11   Next: 14%
Magic:  10/10      EV: 12    Int:  5    God:    Okawaru [****..]
Gold:   601        SH:  5    Dex: 10    Spells: 10/10 levels left

rFire   . . .      SeeInvis .   a - +0 war axe
rCold   + . .      Faith    .   c - +0 buckler
rNeg    . . .      Spirit   .   G - +7 Kryia's mail coat {PotionHeal*2 rC+}
rPois   +          Reflect  .   (helmet restricted)
rElec   .          Harm     .   O - scarf {repulsion}
rCorr   .          Rampage  .   i - +0 pair of gloves
Will    .....                   (no boots)
Stlth   ..........              (no amulet)
HPRegen 0.27/turn               y - +4 ring of slaying
MPRegen 0.12/turn               D - ring of poison resistance

@: studying Stealth, repel missiles
A: horns 2, retaliatory headbutt
a: Renounce Religion, Heroism, Finesse


You were on level 10 of the Dungeon.
You worshipped Okawaru.
Okawaru was greatly pleased with you.
You visited 2 branches of the dungeon, and saw 11 of its levels.
You also visited: Sewer.

You collected 627 gold pieces.
You spent 26 gold pieces at shops.

Inventory:

Hand Weapons
 a - a +0 war axe (weapon)
Missiles
 o - 5 atropa-tipped darts
 I - 11 poisoned darts
 M - 9 boomerangs (quivered)
 Q - 5 silver boomerangs
 R - 2 throwing nets
Armour
 b - a +0 scale mail
 c - a +0 buckler (worn)
 i - a +0 pair of gloves (worn)
 m - a scarf of invisibility
 w - a +0 cloak
 G - the +7 Kryia's mail coat (worn) {PotionHeal*2 rC+}
   (You found it on level 5 of the Dungeon)

   Potions are twice as effective at healing its wearer.
   rC:        It protects you from cold.
 O - a scarf of repulsion (worn)
 P - a +0 plate armour
Jewellery
 r - a ring of wizardry
 y - a +4 ring of slaying (left hand)
 D - a ring of poison resistance (right hand)
Wands
 s - a wand of acid (14)
Scrolls
 e - 2 scrolls of poison
 k - 2 scrolls of fog
 n - 2 scrolls of vulnerability
 t - a scroll of enchant weapon
 u - 4 scrolls of magic mapping
 v - a scroll of immolation
 x - a scroll of summoning
 z - 7 scrolls of noise
 C - 4 scrolls of teleportation {unknown}
 F - 2 scrolls of blinking {unknown}
 H - a scroll of amnesia {unknown}
 K - a scroll of enchant armour {unknown}
 N - 3 scrolls of identify
Potions
 d - 3 potions of might
 f - 3 potions of invisibility {unknown}
 g - a potion of experience {unknown}
 h - 4 potions of lignification {unknown}
 j - 4 potions of curing
 l - 4 potions of degeneration {unknown}
 p - 4 potions of brilliance {unknown}
 q - a potion of cancellation {unknown}
 A - 5 potions of mutation {unknown}
 B - 2 potions of heal wounds {unknown}
 E - 2 potions of attraction {unknown}
 J - 3 potions of flight {unknown}
 L - a potion of ambrosia {unknown}


   Skills:
 * Level 11.1 Fighting
 * Level 10.9 Axes
 * Level 11.1 Armour
 + Level 6.4 Dodging
 + Level 8.1 Shields


You had 10 spell levels left.
You didn't know any spells.
Your spell library contained the following spells:

 Spells                   Type           Power      Damage    Failure   Level
 Apportation              Tloc           0%         N/A       78%         1
 Beastly Appendage        Tmut           0%         N/A       78%         1
 Static Discharge         Conj/Air       0%         3-3/arc   89%         2
 Wereblood                Tmut           0%         N/A       89%         2
 Gell's Gravitas          Tloc           0%         N/A       98%         3
 Lesser Beckoning         Tloc           0%         N/A       98%         3
 Spider Form              Tmut/Pois      0%         N/A       98%         3
 Teleport Other           Tloc           0%         N/A       98%         3
 Dispel Undead            Necr           0%         3d6       100%        4
 Sticky Flame             Conj/Fire      0%         2d3       100%        4
 Alistair's Intoxication  Tmut/Pois      0%         N/A       100%        5
 Fireball                 Conj/Fire      0%         3d3       100%        5
 Iskenderun's Battlesphe  Conj           0%         2d6       100%        5
 Conjure Ball Lightning   Conj/Air       0%         3x3d6     100%        6
 Orb of Destruction       Conj           0%         9d5       100%        7


Dungeon Overview and Level Annotations

Branches:
Dungeon (10/15)            Temple (1/1) D:6            Lair (0/5) D:8
    Orc (0/2) D:9           Sewer (visited)

Altars:
Ashenzari
Cheibriados
Dithmenos
Elyvilon
Fedhas
Gozag
Hepliaklqana
Kikubaaqudgha
Makhleb
Nemelex Xobeh
Okawaru
Qazlal
Ru
Sif Muna
Trog
Uskayaw
Vehumet
Xom
Yredelemnul
Zin

Shops:
D:5 :   D:6 *

Annotations:
D:3 1 runed translucent door, Pytinka's ghost, amateur GrEE
D:9 3 runed translucent doors, Sheol's ghost, novice MiBe; crompyre's ghost, journeyman MfBe; donbex's ghost, novice MiFi; jaiteiro's ghost, novice MiFi


Innate Abilities, Weirdness & Mutations

You have a pair of horns on your head.
You reflexively headbutt those who attack you in melee.


Message History

The slime creature is lightly wounded.
The slime creature hits you.
You slice the slime creature!!
The slime creature is moderately wounded.
The slime creature hits you.
You hit the slime creature. You headbutt the slime creature!
The slime creature is severely wounded.
The slime creature misses you. You furiously retaliate!
You headbutt the slime creature! You slash the slime creature!
You kill the slime creature!
Okawaru accepts your kill.
You block the great orb of eyes's attack.
Items here: ))))) †††.
The great orb of eyes attacks as you move away!
The great orb of eyes barely misses you.
You hit the great orb of eyes but do no damage.
The great orb of eyes gazes at you.
Your mind is blasted!
You hit the great orb of eyes but do no damage.
You headbutt the great orb of eyes.
The great orb of eyes is lightly wounded.
The great orb of eyes bites you!
* * * LOW HITPOINT WARNING * * *
It was a potion of curing.
The +7 Kryia's mail coat enhances the healing.
You feel better. The great orb of eyes gazes at you.
Your mind is blasted!
* * * LOW HITPOINT WARNING * * *
The +7 Kryia's mail coat enhances the healing.
You feel better. The great orb of eyes gazes at you.
Your mind is blasted!
* * * LOW HITPOINT WARNING * * *
The +7 Kryia's mail coat enhances the healing.
You feel better. The great orb of eyes gazes at you.
Your mind is blasted!
You die...

###### ####'####.####.##..#####..
#.....# #.#)(#.##......#..
#.....# #.#)!#.##......#..
#.....# #.#++#.##......#..
##.#### #.#..#.#########..
###.######.#..#.##.........
#.......##.#..#.##.....#..#
#.......##'#g.#+##........#
################@#.g# #.........
..............###G# #....#####
..........######..# #....#
....#.....##############....#
...........................>#####
############.....................
#.....................
+########.....................
........................###...


You could see a great orb of eyes.

Vanquished Creatures
  2 two-headed ogres (D:10)
  A deep elf pyromancer (D:6)
  An unseen horror (D:10)
  A troll (D:10)
  Grinder (D:3)
  Prince Ribbit (D:8)
  A slime creature (D:10)
  Sigmund (D:6)
  A wyvern (D:8)
  10 yaks (D:10)
  A steam dragon (D:10)
  Menkaure (D:6)
  An acid dragon (D:6)
  A water moccasin (D:6)
  4 black bears
  4 orc warriors
  2 ice beasts
  2 ogres
  7 centaurs
  A phantom (D:5)
  9 bullfrogs
  2 scorpions
  A gnoll sergeant (D:7)
  12 killer bees
  A howler monkey (D:7)
  A quasit (D:5)
  2 orc priests
  5 jellies
  6 hounds
  A gnoll bouda (D:9)
  An orc wizard (D:9)
  3 iguanas
  Natasha (thrice) (D:2)
  10 adders
  9 gnolls
  3 river rats (D:5)
  4 shadow imps (D:5)
  4 white imps
  2 worms
  2 dart slugs
  35 orcs
  17 ball pythons
  6 bats
  8 endoplasms
  9 giant cockroaches
  7 goblins
  11 hobgoblins
  12 jackals (D:2)
  4 quokkas
  9 frilled lizards (Sewer)
  4 kobolds (D:2)
  5 rats
252 creatures vanquished.

Vanquished Creatures (others)
  A demonic plant (D:5)
  2 plants (D:4)
  2 withered plants (D:9)
5 creatures vanquished.

Grand Total: 257 creatures vanquished

Notes
Turn   | Place    | Note
-------+----------+-------------------------------------------
     0 | D:1      | EarthwalkerPL the Minotaur Fighter began the quest for the
                  | Orb.
     0 | D:1      | Reached XP level 1. HP: 19/19 MP: 0/0
   107 | D:1      | Reached XP level 2. HP: 27/27 MP: 1/1
   799 | D:2      | Reached XP level 3. HP: 14/33 MP: 2/2
   812 | D:2      | Identified the +5 dagger of Gehenna {venom, rF+ Str+3}
   993 | D:2      | Noticed Natasha
  1005 | D:2      | Killed Natasha
  1006 | D:2      | Reached skill level 1 in Dodging
  1257 | D:2      | Noticed Natasha
  1270 | D:2      | Killed Natasha
  1271 | D:2      | Reached XP level 4. HP: 29/41 MP: 3/3
  1343 | D:2      | Noticed Natasha
  1515 | D:2      | Found a faded altar of an unknown god.
  1711 | D:2      | Killed Natasha
  1712 | D:2      | Reached XP level 5. HP: 43/47 MP: 4/4
  2153 | D:3      | Noticed Grinder
  2170 | D:3      | Killed Grinder
  2171 | D:3      | Reached skill level 5 in Fighting
  2171 | D:3      | Reached skill level 5 in Armour
  2171 | D:3      | Reached XP level 6. HP: 23/56 MP: 5/5
  2530 | D:3      | Found a runed translucent door.
  2530 | D:3      | Noticed Pytinka's ghost (amateur GrEE)
  3397 | D:4      | Reached skill level 5 in Axes
  3626 | D:4      | Reached XP level 7. HP: 51/62 MP: 6/6
  4050 | D:5      | Entered Level 5 of the Dungeon
  4160 | D:5      | Reached skill level 5 in Shields
  4269 | D:5      | Reached XP level 8. HP: 40/71 MP: 7/7
  4352 | D:5      | Found a glowing drain.
  4368 | Sewer    | Entered a sewer
  4930 | D:5      | Found the +7 Kryia's mail coat {PotionHeal*2 rC+}
  4987 | D:5      | Found Notwy's Tremendous Tomes.
  5243 | D:6      | Found Ykohow's General Store.
  5243 | D:6      | Noticed Menkaure
  5410 | D:6      | Killed Menkaure
  5697 | D:6      | Bought a scroll of identify for 26 gold pieces
  5809 | D:6      | Noticed Sigmund
  5844 | D:6      | Killed Sigmund
  5866 | D:6      | Reached XP level 9. HP: 79/81 MP: 8/8
  5968 | D:6      | Found a staircase to the Ecumenical Temple.
  5980 | Temple   | Entered the Ecumenical Temple
  6172 | Temple   | Became a worshipper of Warmaster Okawaru
  6344 | D:6      | Noticed a deep elf pyromancer
  6355 | D:6      | Killed a deep elf pyromancer
  6644 | D:6      | Found a sparkling altar of Nemelex Xobeh.
  6794 | D:7      | Reached * piety under Okawaru
  6825 | D:7      | Found a blossoming altar of Fedhas.
  7050 | D:7      | Reached skill level 5 in Dodging
  7791 | D:8      | Reached XP level 10. HP: 25/91 MP: 9/9
  8476 | D:8      | Reached ** piety under Okawaru
  8555 | D:8      | Noticed Prince Ribbit
  8578 | D:8      | Killed Prince Ribbit
  8631 | D:8      | Found a staircase to the Lair.
  9302 | D:9      | Reached skill level 10 in Armour
  9362 | D:9      | Reached skill level 10 in Fighting
  9448 | D:9      | Found a staircase to the Orcish Mines.
  9639 | D:9      | Found a runed translucent gate.
  9639 | D:9      | Found a runed translucent gate.
  9639 | D:9      | Found a runed translucent gate.
  9640 | D:9      | Noticed jaiteiro's ghost (novice MiFi)
  9640 | D:9      | Noticed crompyre's ghost (journeyman MfBe)
  9641 | D:9      | Noticed Sheol's ghost (novice MiBe)
  9641 | D:9      | Noticed donbex's ghost (novice MiFi)
  9849 | D:10     | Entered Level 10 of the Dungeon
  9907 | D:10     | Found a shadowy altar of Dithmenos.
 10112 | D:10     | Reached skill level 10 in Axes
 10436 | D:10     | Reached *** piety under Okawaru
 10692 | D:10     | Noticed a great orb of eyes
 10692 | D:10     | Noticed a two-headed ogre
 10692 | D:10     | Noticed a two-headed ogre
 10701 | D:10     | Reached **** piety under Okawaru
 10709 | D:10     | Killed a two-headed ogre
 10710 | D:10     | Reached XP level 11. HP: 76/101 MP: 10/10
 10713 | D:10     | Killed a two-headed ogre
 10724 | D:10     | Blown up by a great orb of eyes

Illustrated notes

Levels and vault maps discovered:
D:1:      dpeg_arrival_signposts, layout_basic
D:2:      layout_loops_ring, basic_ecumenical_altar, minmay_tetromino_i4,
          uniq_natasha
D:3:      layout_loops_ring, hellmonk_ghost_happy_afterlife, uniq_grinder
D:4:      cheibrodos_old_hovel, layout_basic
D:5:      layout_rooms, lightli_sewer_entry_pipes, serial_demonic,
          serial_demonic_a, serial_demonic_d, serial_demonic_f,
          serial_demonic_g, serial_demonic_b, serial_demonic_e,
          nicolae_shop_i_like_big_books, minmay_holes
D:6:      layout_rooms, lemuel_doored_altar, minmay_temple_entry_hall,
          serial_shops, shop, minmay_three_doors, uniq_sigmund, uniq_menkaure
D:7:      layout_basic, lemuel_crystal_altar
D:8:      layout_basic, lair_entry_dummy, uniq_prince_ribbit1
D:9:      layout_irregular_city, hiddenorc1_lemuel, gammafunk_ghost_cemetery
D:10:     layout_stronghold, kennysheep_little_box,
          gammafunk_temple_overflow_statue, ebering_ghost_xom, wad_scary_box,
          uniq_grum
Temple:   bh_familiar_temple

Skill      XL: |  1  2  3  4  5  6  7  8  9 10 11 |
---------------+----------------------------------+-----
Axes           | 3 4 5 6 7 9 10 | 10.9
Armour         | 4 5 6 7 9 10 11 | 11.1
Fighting       | 4 5 6 7 9 10 11 | 11.1
Dodging        | 1 2 3 4 5 6 |  6.4
Shields        | 4 5 6 7 8 |  8.1

Action                   |  1- 3 |  4- 6 |  7- 9 | 10-12 || total
-------------------------+-------+-------+-------+-------++-------
Melee: War axe           |    68 |   114 |   245 |   177 ||   604
       Headbutt          |     8 |    13 |    44 |    35 ||   100
Throw: Dart              |       |       |     3 |       ||     3
  Use: Scroll            |       |       |     7 |     1 ||     8
       Potion            |       |       |       |     3 ||     3
Armor: Scale mail        |    26 |    64 |   122 |    97 ||   309
Dodge: Dodged            |    35 |    51 |   134 |    89 ||   309
       Repelled          |       |       |       |     1 ||     1
Block: Buckler           |    12 |    29 |    53 |    50 ||   144
